 Dungeon Crawl Stone Soup version 0.22-a0-601-gb0ed703 (webtiles) character file.

77 Hebeh the Shield-Bearer (level 4, -5/40 HPs)
             Began as a Minotaur Fighter on July 6, 2018.
             Slain by Menkaure (22 damage)
             ... on level 2 of the Dungeon.
             The game lasted 00:04:40 (1568 turns).

Hebeh the Shield-Bearer (Minotaur Fighter)          Turns: 1568, Time: 00:04:40

Health: -5/40      AC:  7    Str: 21    XL:     4   Next: 14%
Magic:  3/3        EV:  7    Int:  5    God:
Gold:   96         SH:  9    Dex: 10    Spells: 3/3 levels left

rFire    . . .     SeeInvis .   a - +0 war axe
rCold    . . .     Gourm    .   c - +0 shield
rNeg     . . .     Faith    .   b - +0 scale mail
rPois    .         Spirit   .   (helmet restricted)
rElec    .         Reflect  .   (no cloak)
rCorr    .         Harm     .   (no gloves)
MR       .....                  (no boots)
Stlth    ..........             (no amulet)
HPRegen  0.13/turn              (no ring)
MPRegen  0.08/turn              (no ring)

@: no status effects
A: retaliatory headbutt, horns 2
a: no special abilities


You were on level 2 of the Dungeon.
You were not hungry.

You visited 1 branch of the dungeon, and saw 2 of its levels.

You collected 96 gold pieces.

Inventory:

Hand Weapons
 a - a +0 war axe (weapon)
Missiles
 e - 163 stones (quivered)
 m - 3 javelins
Armour
 b - a +0 scale mail (worn)
 c - a +0 shield (worn)
Scrolls
 h - 3 scrolls of identify {unknown}
 i - 2 scrolls of teleportation {unknown}
 l - a scroll of fear {unknown}
Potions
 d - a potion of might
 j - 2 potions of magic {unknown}
 k - 3 potions of lignification {unknown}
 n - 2 potions of mutation {unknown}
Comestibles
 f - 8 rations


   Skills:
 + Level 4.2 Fighting
 * Level 3.9 Axes
 + Level 4.2 Armour
 + Level 4.2 Shields


You had 3 spell levels left.
You didn't know any spells.
Your spell library was empty.

Dungeon Overview and Level Annotations

Branches:
Dungeon (2/15)

Altars:
Cheibriados
Kikubaaqudgha
Vehumet
Yredelemnul

Annotations:
D:2 1 transporter, Menkaure


Innate Abilities, Weirdness & Mutations

You reflexively headbutt those who attack you in melee.
You have a pair of horns on your head.


Message History

Your headbutt misses the shadow imp. You closely miss the adder zombie.
Menkaure gestures wildly while chanting.
Menkaure seems to speed up.
You block the shadow imp's attack. You block the adder zombie's attack.
You closely miss the shadow imp. Your headbutt misses the shadow imp.
You closely miss the adder zombie. You hit the quokka skeleton.
The shadow imp hits you. You block the adder zombie's attack.
You block the quokka skeleton's attack.
The shadow imp picks up a beetle and eats it.
The shadow imp hits you. The adder zombie bites you.
You slash the quokka skeleton!
You destroy the quokka skeleton!
You slash the shadow imp! You barely miss the adder zombie.
You block the adder zombie's attack. The shadow imp hits you.
Menkaure hits you!
You are too injured to fight recklessly!
You are too injured to fight recklessly!
Menkaure hits you!!
Ouch! That really hurt!
You die...

#.###.# ##....# #.#
###.....########....###### #.#
#................©.......# #.#
..#.###....#############.# #.#
###.# ####.#©..........#.# #.#
#.# ####.#...........#.# #.#
#.###.>..#..##...##..#.# #.#
##>##.....#..#8M5.8#..#.# #.#
#.........#..##@Z.##..#.# #.#
##.##..##.#.....©.....#[# #.#
#.##..##.#..##...##..#.### #.#
###...[..(.#..#8...8#.$#...# #.#
........##.#..##...##..#.#.####.#
######.###.#...........#........#
#.....#.($_)⌠$_$).#.........
#####.#############..#######
#.......©........#


You could see Menkaure, a shadow imp and an adder zombie.

Vanquished Creatures
  A hound (D:2)
  An adder (D:2)
  2 dart slugs
  A ball python (D:2)
  2 giant cockroaches
  2 goblins (D:1)
  2 hobgoblins
  3 jackals (D:2)
  4 bats (D:1)
  A frilled lizard (D:2)
  9 kobolds
  A quokka skeleton (D:2)
  6 rats
35 creatures vanquished.

Notes
Turn   | Place    | Note
-------+----------+-------------------------------------------
     0 | D:1      | Hebeh the Minotaur Fighter began the quest for the Orb.
     0 | D:1      | Reached XP level 1. HP: 19/19 MP: 0/0
   165 | D:1      | Reached XP level 2. HP: 27/27 MP: 1/1
   750 | D:2      | Found a transporter.
   755 | D:2      | Found a transporter.
   759 | D:2      | Found an ancient bone altar of Kikubaaqudgha.
   769 | D:2      | Noticed Menkaure
   771 | D:2      | Found a basalt altar of Yredelemnul.
   788 | D:2      | Reached XP level 3. HP: 24/33 MP: 2/2
  1039 | D:2      | Reached XP level 4. HP: 40/40 MP: 3/3
  1141 | D:2      | Found a snail-covered altar of Cheibriados.
  1142 | D:2      | Found a radiant altar of Vehumet.
  1568 | D:2      | Slain by Menkaure

Vault maps used:
D:1:      minmay_arrival_plants_in_alcoves, minmay_misc_feat_doors,
          item_on_display_a
D:2:      gammafunk_temple_of_torment, gammafunk_temple_overflow_pools,
          minmay_misc_feat_x

Skill      XL: |  1  2 |
---------------+-------+-----
Axes           | 3 |  3.9
Fighting       | 4 |  4.2
Armour         | 4 |  4.2
Shields        | 4 |  4.2

Action                   |  1- 3 |  4- 6 || total
-------------------------+-------+-------++-------
Melee: War axe           |    62 |    16 ||    78
       Headbutt          |    11 |     2 ||    13
  Eat: Chunk             |       |     2 ||     2
Armor: Scale mail        |    28 |     6 ||    34
Dodge: Dodged            |    18 |     9 ||    27
Block: Shield            |    42 |     9 ||    51

Table legend:
 A = Spawn XP
 B = Non-spawn XP
 C = Spawn XP percentage of total XP
 D = Spawn monster count
 E = Non-spawn monster count
 F = Spawn count percentage of total count
 G = Total turns spent on level
                    A         B        C        D         E        F      G
               +---------+---------+-------+---------+---------+-------+---------
         Total |       0 |     111 |   0.0 |       0 |      35 |   0.0 |  1568
               +---------+---------+-------+---------+---------+-------+---------
           D:1 |       0 |      25 |   0.0 |       0 |      15 |   0.0 |   655
           D:2 |       0 |      86 |   0.0 |       0 |      20 |   0.0 |   913
               +---------+---------+-------+---------+---------+-------+---------
